 Dungeon Crawl Stone Soup version 0.30.1 (webtiles) character file.

Game seed: 3668849579189846073

9170 shmup the Arsonist (level 11, -5/64 HPs)
             Began as a Tengu Fire Elementalist on July 10, 2023.
             Was a Priest of Sif Muna.
             Killed by divine providence
             ... invoked by an orc priest
              (9 damage)
             ... on level 2 of the Orcish Mines.
             The game lasted 01:14:09 (15563 turns).

shmup the Arsonist (Tengu Fire Elementalist)       Turns: 15563, Time: 01:14:10

Health: -5/64      AC: 11    Str: 14    XL:     11   Next: 42%
Magic:  21/21      EV: 32    Int: 19    God:    Sif Muna [***...]
Gold:   634        SH:  4    Dex: 16    Spells: 4/22 levels left

rFire   + . .        a - +3 dagger (elec)
rCold   . . .        z - +0 buckler
rNeg    . . .        H - +2 leather armour {rF+}
rPois   .            (helmet restricted)
rElec   .            M - +2 cloak
rCorr   .            t - +2 pair of gloves
SInv    +            (boots unavailable)
Will    .....        D - amulet of the acrobat
Stlth   +++          T - +6 ring of strength
HPRegen 0.30/turn    K - ring of see invisible
MPRegen 0.17/turn

%: acrobat
@: acrobatic, flying quickly and evasively, quick
A: beak, talons 3, nimble flight
a: Renounce Religion, Channel Magic, Forget Spell


You were on level 2 of the Orcish Mines.
You worshipped Sif Muna.
Sif Muna was most pleased with you.
You visited 3 branches of the dungeon, and saw 14 of its levels.

You collected 1194 gold pieces.
You spent 560 gold pieces at shops.

Inventory:

Hand Weapons
 a - a +3 dagger of electrocution (weapon)
 b - a +1 dagger of venom
 j - a +2 scimitar of freezing
 v - a +0 short sword of draining
 C - a +2 trident of venom
 G - a +4 dire flail of protection
 I - a +4 short sword
Missiles
 s - 39 poisoned darts
 A - 21 boomerangs (quivered)
 O - 2 boomerangs of dispersal
 Q - 2 throwing nets
Armour
 m - the +5 robe of Misfortune {Harm *Corrode *Slow EV+5}
   (You found it on level 2 of the Dungeon)

   EV:        It affects your evasion (+5).
   *Corrode:  It may corrode you when you take damage.
   *Slow:     It may slow you when you take damage.
   Harm:      It increases damage dealt and taken.
 t - a +2 pair of gloves (worn)
 z - a +0 buckler (worn)
 H - a +2 leather armour of fire resistance (worn)
 M - a +2 cloak (worn)
 V - the +0 pair of fencer's gloves {Riposte Dex+3}
   (You found it on level 8 of the Dungeon)

   Riposte:   It allows the wearer to riposte with melee weapons, swiftly
   retaliating against missed or blocked melee attacks.
   Dex:       It affects your dexterity (+3).
Magical Staves
 k - a staff of fire
Jewellery
 l - an amulet of guardian spirit
 D - an amulet of the acrobat (around neck)
 J - a ring of poison resistance
 K - a ring of see invisible (right hand)
 T - a +6 ring of strength (left hand)
 Z - a ring of fire
Wands
 F - a wand of paralysis (7)
 P - a wand of roots (10)
 U - a wand of mindburst (3)
Scrolls
 d - a scroll of fog {unknown}
 f - a scroll of fear {unknown}
 g - a scroll of enchant armour {unknown}
 i - a scroll of torment
 o - a scroll of poison {unknown}
 p - 2 scrolls of teleportation
 u - a scroll of silence {unknown}
 B - 3 scrolls of noise
 E - a scroll of magic mapping {unknown}
 S - a scroll of butterflies {unknown}
 X - a scroll of immolation {unknown}
Potions
 c - 2 potions of flight
 e - 6 potions of heal wounds
 h - 2 potions of attraction
 n - 3 potions of curing
 q - 2 potions of mutation
 r - 2 potions of brilliance
 w - a potion of lignification
 x - 3 potions of might
 y - a potion of magic
 L - a potion of ambrosia
 N - 2 potions of berserk rage
 R - 2 potions of invisibility
 W - a potion of degeneration {unknown}
 Y - 2 potions of haste {unknown}


   Skills:
 + Level 6.0 Fighting
 + Level 3.0 Short Blades
 + Level 7.3 Dodging
 + Level 7.1 Stealth
 + Level 2.1 Shields
 + Level 6.0 Spellcasting
 + Level 8.8 Conjurations
 * Level 10.3 Fire Magic
 * Level 1.1 Air Magic
 * Level 2.8 Poison Magic


You had 4 spell levels left.
You knew the following spells:

 Your Spells              Type           Power      Damage    Failure   Level
a - Foxfire               Conj/Fire      100%       2x1d9     1%          1
b - Scorch                Fire           90%        2d9       1%          2
c - Mephitic Cloud        Conj/Pois/Air  22%        N/A       10%         3
d - Flame Wave            Conj/Fire      42%        2d11      3%          4
e - Momentum Strike       Conj/Tloc      44%        3d9       4%          2
f - Inner Flame           Hex/Fire       25%        N/A       7%          3
g - Volatile Blastmotes   Fire/Tloc      50%        2d14      7%          3

Your spell library contained the following spells:

 Spells                   Type           Power      Damage    Failure   Level
 Magic Dart               Conj           100%       1d8       1%          1
 Hailstorm                Conj/Ice       22%        3d7       10%         3
 Freeze                   Ice            20%        1d4       19%         1
 Blink                    Tloc           10%        N/A       28%         2
 Call Imp                 Summ           10%        N/A       28%         2
 Lesser Beckoning         Tloc           10%        N/A       28%         2
 Frozen Ramparts          Ice            10%        1d2       50%         3
 Ozocubu's Armour         Ice            5%         N/A       50%         3
 Tukima's Dance           Hex            5%         N/A       50%         3
 Passage of Golubria      Tloc           5%         N/A       88%         4
 Metabolic Englaciation   Hex/Ice        2%         N/A       99%         5
 Yara's Violent Unravell  Hex/Tmut       2%         3d3       99%         5
 Simulacrum               Ice/Necr       2%         N/A       100%        6


Dungeon Overview and Level Annotations

Branches:
Dungeon (11/15)            Temple (1/1) D:7             Orc (2/2) D:10
   Lair: D:8-11         Elf: Orc:2

Altars:
Ashenzari
Cheibriados
Dithmenos
Elyvilon
Fedhas
Gozag
Hepliaklqana
Kikubaaqudgha
Makhleb
Nemelex Xobeh
Okawaru
Qazlal
Ru
Sif Muna
Trog
Uskayaw
Vehumet
Wu Jian
Xom
Yredelemnul
Zin
The Shining One

Shops:
D:3 =   D:7 !   Orc:1 (

Annotations:
D:4 exclusion: ogre
D:5 exclusion: downstairs
D:6 exclusion: upstairs
D:9 3 runed translucent doors, exclusion: 2 downstairs, 7w4c's ghost, novice MfAr
D:10 Erolcha


Innate Abilities, Weirdness & Mutations

You have a beak for a mouth.
You have claws for feet.
Your magical nature lets you fly swiftly and evasively.


Message History

Beogh smites you! The orc wizard misses you.
Unknown command.
You're too confused to move!
The orc wizard closely misses you.
The orc priest calls down the wrath of Beogh upon you.
You struggle to resist.
The orc wizard hits you but does no damage.
Unknown command.
You're too confused to cast spells.
You hit the orc wizard.
You kill the orc wizard!
Sif Muna accepts your kill.
The orc wizard gestures at you while chanting.
The magic dart hits you.
The orc priest invokes the aid of Beogh against you.
Beogh smites you!
* * * LOW HITPOINT WARNING * * *
You're too confused to cast spells.
You bump into the rock wall.
You feel less confused. You block the orc priest's attack.
The orc wizard misses you.
The ogre hits you with a +0 giant club!!
* * * LOW HITPOINT WARNING * * *
Unknown command.
The orc wizard completely misses you. The orc priest barely misses you.
Items here: ) [.
Unknown command.
The orc priest calls down the wrath of Beogh upon you.
You struggle to resist.
The orc priest calls down the wrath of Beogh upon you.
You struggle to resist.
The ogre misses you.
The orc wizard casts a spell.
The orc wizard flickers and vanishes for a moment.
The orc priest invokes the aid of Beogh against you.
Beogh smites you!
* * * LOW HITPOINT WARNING * * *
Items here: % ) [.
The orc priest mumbles some strange prayers to Beogh against you.
Beogh smites you!
You die...

.........)...........
...▒............▒.....
▒▒▒.....o.......▒.....
...............▒......
....▒........▒▒▒......
....▒........▒........
........oOo....▒.....▒
.......▒.).).......▒
.........Q.▒.......▒
▒▒......).........▒.▒
.......▒▒<▒▒.........
...▒... ▒..▒.........▒
...▒▒...........▒....▒
▒..........▒▒.....▒
▒.▒........▒▒ ▒.▒...
..▒▒........ .. ▒.
..........


You could see an ogre, an orc priest, an orc wizard (invisible) and an orc.

Vanquished Creatures
  A two-headed ogre (D:10)
  A wizard (D:8)
  An orc sorcerer (Orc:2)
  Joseph (D:7)
  An unseen horror (D:9)
  Sigmund (D:5)
  2 shadows
  A wraith (D:10)
  5 yaks
  A steam dragon (D:9)
  Menkaure (D:5)
  A warg (Orc:1)
  Edmund (D:6)
  Duvessa (D:6)
  An acid dragon (D:11)
  3 water moccasins
  2 black bears
  7 orc warriors
  5 ice beasts
  2 sky beasts
  6 ogres
  2 centaurs (D:9)
  2 kobold brigands (D:9)
  Blork the orc (D:6)
  2 gnoll sergeants
  A scorpion (D:4)
  4 bullfrogs
  Dowan (D:6)
  10 killer bees
  4 howler monkeys
  5 quasits (D:5)
  2 hounds
  Crazy Yiuf (D:5)
  7 orc priests
  4 iguanas
  2 sleepcaps
  9 orc wizards
  17 gnolls
  10 adders
  6 shadow imps
  3 white imps
  7 ufetubi
  4 worms (D:4)
  4 dart slugs
  60 orcs
  9 ball pythons
  9 bats
  14 endoplasms
  5 giant cockroaches
  8 goblins
  11 hobgoblins
  7 jackals
  3 quokkas
  6 frilled lizards
  18 kobolds
  8 rats
311 creatures vanquished.

Vanquished Creatures (others)
  A kobold (D:9)
  218 foxfires
219 creatures vanquished.

Grand Total: 530 creatures vanquished

Notes
Turn   | Place    | Note
-------+----------+-------------------------------------------
     0 | D:1      | shmup the Tengu Fire Elementalist began the quest for the
                  | Orb.
     0 | D:1      | Reached XP level 1. HP: 10/10 MP: 4/4
   192 | D:1      | Reached XP level 2. HP: 15/15 MP: 3/6
   597 | D:1      | Learned a level 2 spell: Scorch
   638 | D:1      | Reached XP level 3. HP: 19/19 MP: 5/7
  1236 | D:2      | Found the +5 robe of Misfortune {Harm *Corrode *Slow EV+5}
  1350 | D:2      | Reached skill level 4 in Fire Magic
  1376 | D:2      | Reached XP level 4. HP: 13/24 MP: 0/8
  2639 | D:3      | Gained mutation: Your magical nature lets you fly swiftly
                  | and evasively. [Tengu growth]
  2639 | D:3      | Reached XP level 5. HP: 28/28 MP: 9/9
  2643 | D:3      | Found Moung's Jewellery Emporium.
  2831 | D:4      | Noticed an ogre
  3008 | D:4      | Found an ornate altar of the Wu Jian Council.
  3160 | D:4      | Reached skill level 1 in Fighting
  3222 | D:4      | Reached XP level 6. HP: 12/34 MP: 0/11
  3440 | D:4      | Reached skill level 5 in Fire Magic
  4027 | D:4      | Reached XP level 7. HP: 27/40 MP: 1/12
  4907 | D:4      | Reached skill level 6 in Fire Magic
  4978 | D:5      | Entered Level 5 of the Dungeon
  4984 | D:5      | Reached XP level 8. HP: 46/46 MP: 7/14
  5215 | D:5      | Noticed Menkaure
  5278 | D:5      | Killed Menkaure
  5584 | D:5      | Noticed Sigmund
  5585 | D:5      | Reached skill level 5 in Conjurations
  5854 | D:6      | Reached skill level 7 in Fire Magic
  6200 | D:5      | Reached skill level 5 in Dodging
  6525 | D:6      | Noticed Edmund
  6534 | D:6      | Killed Edmund
  6535 | D:6      | Reached skill level 5 in Stealth
  6535 | D:6      | Reached XP level 9. HP: 3/50 MP: 0/16
  6971 | D:6      | Noticed Dowan
  6972 | D:6      | Noticed Duvessa
  6977 | D:6      | Killed Dowan
  7367 | D:7      | Found a staircase to the Ecumenical Temple.
  7461 | Temple   | Entered the Ecumenical Temple
  7568 | Temple   | Became a worshipper of Sif Muna the Loreminder
  7824 | D:6      | Killed Duvessa
  7825 | D:6      | Reached skill level 8 in Fire Magic
  8007 | D:5      | Killed Sigmund
  8032 | D:3      | Bought a ring of poison resistance for 240 gold pieces
  8032 | D:3      | Bought a ring of see invisible for 180 gold pieces
  8485 | D:5      | Found a runed translucent door.
  8486 | D:5      | Noticed Crazy Yiuf
  8493 | D:5      | Killed Crazy Yiuf
  8494 | D:5      | Reached skill level 1 in Short Blades
  8653 | D:6      | Noticed Blork the orc
  8656 | D:6      | Killed Blork the orc
  9004 | D:7      | Reached * piety under Sif Muna
  9314 | D:7      | Noticed Joseph
  9340 | D:7      | Killed Joseph
  9474 | D:7      | Found a radiant altar of Vehumet.
  9496 | D:7      | Found an ancient bone altar of Kikubaaqudgha.
  9725 | D:7      | Reached XP level 10. HP: 57/57 MP: 15/18
  9730 | D:7      | Reached skill level 5 in Spellcasting
 10067 | D:7      | Found Ygiul's Distillery.
 10077 | D:7      | Bought a potion of heal wounds for 70 gold pieces
 10077 | D:7      | Bought a potion of heal wounds for 70 gold pieces
 10645 | D:8      | Noticed a wizard
 10650 | D:8      | Killed a wizard
 10651 | D:8      | Reached skill level 9 in Fire Magic
 10661 | D:8      | Found the +0 pair of fencer's gloves {Riposte Dex+3}
 10965 | D:9      | Reached ** piety under Sif Muna
 10977 | D:9      | Reached skill level 5 in Fighting
 11504 | D:8      | Learned a level 3 spell: Mephitic Cloud
 12130 | D:9      | Learned a level 4 spell: Flame Wave
 12133 | D:9      | Learned a level 2 spell: Momentum Strike
 12305 | D:9      | Found a runed translucent gate.
 12305 | D:9      | Found a runed translucent gate.
 12307 | D:9      | Found a runed translucent gate.
 12388 | D:9      | Reached skill level 1 in Poison Magic
 12464 | D:9      | Found a hazy altar of Hepliaklqana.
 12468 | D:9      | Found a hide-covered altar of Uskayaw.
 12700 | D:9      | Noticed 7w4c's ghost (novice MfAr)
 12840 | D:10     | Entered Level 10 of the Dungeon
 12875 | D:10     | Noticed an unseen horror
 12877 | D:10     | Noticed a two-headed ogre
 12879 | D:10     | Noticed a boulder beetle
 12904 | D:9      | Killed an unseen horror
 13212 | D:10     | Noticed Erolcha
 13554 | D:9      | Reached XP level 11. HP: 52/64 MP: 5/20
 13658 | D:9      | Reached skill level 1 in Shields
 13661 | D:9      | Reached skill level 10 in Fire Magic
 13713 | D:10     | Killed a two-headed ogre
 13877 | D:10     | Reached *** piety under Sif Muna
 14110 | D:10     | Found a staircase to the Orcish Mines.
 14270 | D:10     | Found a glowing silver altar of Zin.
 14493 | D:11     | Noticed a two-headed ogre
 14714 | Orc:1    | Entered Level 1 of the Orcish Mines
 14740 | Orc:1    | Learned a level 3 spell: Inner Flame
 14906 | Orc:1    | Learned a level 3 spell: Volatile Blastmotes
 15320 | Orc:1    | Found Losil's Weapon Shoppe.
 15447 | Orc:2    | Entered Level 2 of the Orcish Mines
 15449 | Orc:2    | Noticed an orc sorcerer
 15452 | Orc:2    | Paralysed by an orc sorcerer for 3 turns
 15459 | Orc:2    | Killed an orc sorcerer
 15460 | Orc:2    | Reached skill level 1 in Air Magic
 15563 | Orc:2    | Killed from afar by an orc priest

Illustrated notes

Levels and vault maps discovered:
D:1:      dpeg_arrival_orchard, layout_basic, minmay_pentomino_o2
D:2:      layout_rooms
D:3:      layout_loops_ring, serial_shops, shop
D:4:      minmay_polygon_palace, layout_rooms, pdpol_wu_jian_five_deadly_venoms
D:5:      layout_cave_pools, serial_demonic, serial_demonic_a, serial_demonic_d,
          serial_demonic_f, serial_demonic_g, serial_demonic_f,
          serial_demonic_a, serial_demonic_a, uniq_sigmund,
          uniq_crazy_yiuf_cottage, uniq_menkaure
D:6:      layout_basic, minmay_misc_feat_rugged, uniq_blork_the_orc,
          uniq_duvessa, uniq_edmund
D:7:      layout_loops_cross, mainiacjoe_overflow_two_lobes,
          minmay_temple_entry_grid, serial_co_window_serial,
          co_window_of_opportunity_a, co_window_corner_a, co_window_paths_b,
          co_window_of_opportunity_a, co_window_cross_1, co_window_corner_a,
          co_window_paths_a, co_window_of_opportunity_a,
          co_window_of_opportunity_a, co_window_broadway_c,
          co_window_broadway_b, co_window_paths_c, co_window_2corner,
          co_window_4corner_a, glass_columns_c, glass_columns_b,
          glass_columns_a, glass_columns_c, serial_shops, shop,
          grunt_decor_resistance, corexii_leaking_fountain, uniq_joseph
D:8:      cheibrodos_wizards_tower, layout_basic
D:9:      layout_small_grid, mainiacjoe_overflow_big_doors, gammafunk_ghost_icy
D:10:     layout_long_grid, old_standard_altar, hiddenorc1_lemuel,
          chequers_serial_rivers_micro_d, minmay_circle_x, uniq_erica,
          uniq_erolcha, uniq_snorg
D:11:     layout_rooms, lair_entry_dummy, serial_shops,
          nicolae_shop_behind_doors, minmay_misc_feat_x,
          nicolae_uskayaw_dance_studio
Temple:   nicolae_temple_superstar
Orc:1:    layout_caves, serial_shops, nicolae_shop_rolling_square
Orc:2:    grunt_orc_cross, layout_diamond_mine, ebering_ghost_rock_garden,
          mines5_lemuel

Skill      XL: |  1  2  3  4  5  6  7  8  9 10 11 |
---------------+----------------------------------+-----
Conjurations   | 2 3 4 5 7 8 |  8.8
Fire Magic     | 4 5 6 7 8 9 10 | 10.3
Dodging        | 3 4 5 6 7 |  7.3
Fighting       | 1 2 3 4 6 |  6.0
Stealth        | 3 4 5 6 7 |  7.1
Spellcasting   | 3 4 5 6 |  6.0
Short Blades   | 2 3 |  3.0
Poison Magic   | 1 2 |  2.8
Shields        | 2 |  2.1
Air Magic      | 1 |  1.1

Action                     |  1- 3 |  4- 6 |  7- 9 | 10-12 || total
---------------------------+-------+-------+-------+-------++-------
  Melee: Unarmed           |    16 |       |       |       ||    16
         Peck              |     6 |    13 |    18 |    36 ||    73
         Kick              |     9 |    26 |    21 |    57 ||   113
         Dagger            |    19 |   112 |   114 |   172 ||   417
  Throw: Stone             |       |     1 |       |       ||     1
         Dart              |       |       |       |     5 ||     5
         Boomerang         |       |       |       |     2 ||     2
   Cast: Foxfire           |    44 |    34 |    16 |    39 ||   133
         Scorch            |       |    27 |   155 |   143 ||   325
         Momentum Strike   |       |       |       |     2 ||     2
         Mephitic Cloud    |       |       |       |     1 ||     1
         Inner Flame       |       |       |       |     1 ||     1
         Volatile Blastmot |       |       |       |     1 ||     1
    Use: Scroll            |       |       |    12 |    11 ||    23
         Potion            |       |       |       |     1 ||     1
   Stab: Sleeping          |     2 |     1 |     1 |     2 ||     6
 Armour: Robe              |    13 |    32 |    31 |       ||    76
         Leather armour    |       |       |    32 |    62 ||    94
  Dodge: Dodged            |    44 |    77 |   223 |   238 ||   582
  Block: Buckler           |       |     5 |    33 |    51 ||    89
